[Event "Titled Tuesday Blitz February 14 Late 2023"]
[White "Domingo Nunez, Ruben"]
[Black "Naroditsky, Daniel"]
[WhiteFideId "22245570"]
[BlackFideId "2026961"]
[WhiteElo "2416"]
[BlackElo "2618"]
[Result "0-1"]
[Round "06"]
[TimeControl "180+2"]
[Date "2023.02.14"]
[WhiteClock "0:00:02"]
[BlackClock "0:00:02"]

1. b3 d5 2. Bb2 Bf5 3. Nf3 e6 4. e3 h6 5. Be2 Nf6 6. O-O Be7 7. h3 O-O 8. c4 c6 9. d4 Nbd7 10. Nc3 Ne4 11. Rc1 a5 12. Na4 Bd6 13. Bd3 Qf6 14. Nc3 Bb4 15. Na4 Bd6 16. Nc3 Bb4 17. Na4 Be7 18. Nc3 Qg6 19. Kh1 Nxf2+ 20. Rxf2 Bxd3 21. Ne2 Be4 22. Nf4 Qg3 23. Qe2 Bd6 24. Ne5 Nxe5 25. dxe5 Be7 26. Nh5 Qg6 27. Nf4 Qg5 28. Nh5 a4 29. b4 Rad8 30. Rf4 Qg6 31. Rg4 Bg5 32. Nf4 Qh7 33. h4 Bxf4 34. Rxf4 Bd3 35. Qg4 dxc4 36. Bd4 h5 37. Qg3 Qg6 38. Qf2 Rd5 39. Rf3 Bf5 40. Rg3 Bg4 41. Rxc4 a3 42. Rc3 Ra8 43. Kh2 Qe4 44. Qf1 Rb5 45. Qc4 Qd5 46. Qd3 Qxa2 47. e4 Rxb4 48. Qe3 Qb2 49. Bc5 Rb5 50. Bxa3 Qa2 51. Bd6 Rb2 0-1


[Site "https://www.chess.com"]

[Event "Titled Tuesday Blitz February 14 Late 2023"]
[White "Bernadskiy, Vitaliy"]
[Black "Sanal, Vahap"]
[WhiteFideId "14100371"]
[BlackFideId "6300545"]
[WhiteElo "2592"]
[BlackElo "2600"]
[Result "0-1"]
[Round "06"]
[TimeControl "180+2"]
[Date "2023.02.14"]
[WhiteClock "0:00:01"]
[BlackClock "0:00:11"]

1. d4 d5 2. Nc3 Nf6 3. Bf4 e6 4. e3 a6 5. g4 c5 6. g5 Nfd7 7. Nf3 Nc6 8. h4 Be7 9. Bg2 b5 10. O-O b4 11. Ne2 a5 12. Ng3 Ba6 13. Re1 O-O 14. e4 Nb6 15. Ne5 Nxe5 16. dxe5 d4 17. Nh5 Qc7 18. Qg4 Kh8 19. Nf6 Nc4 20. Qg3 Rfd8 21. b3 Na3 22. h5 Nxc2 23. g6 Nxe1 24. h6 fxg6 25. hxg7+ Kxg7 26. Qh3 Rh8 27. Qxe6 h5 28. Nd5 Bc8 29. Qf6+ Bxf6 30. exf6+ Kf7 31. Nxc7 Nxg2 32. Kxg2 Bb7 33. Nxa8 Bxe4+ 34. f3 Bxa8 35. Rc1 Rc8 36. Be5 Ke6 37. Bxd4 Rd8 38. Bxc5 Kxf6 39. Rc2 Rd3 0-1


[Site "https://www.chess.com"]

[Event "Titled Tuesday Blitz February 14 Late 2023"]
[White "Goltsev, Dmitry"]
[Black "Svane, Rasmus"]
[WhiteFideId "24176710"]
[BlackFideId "4657101"]
[WhiteElo "2269"]
[BlackElo "2623"]
[Result "1/2-1/2"]
[Round "06"]
[TimeControl "180+2"]
[Date "2023.02.14"]
[WhiteClock "0:00:17"]
[BlackClock "0:00:15"]

1. e4 c6 2. d4 d5 3. Nc3 dxe4 4. Nxe4 Nf6 5. Nxf6+ exf6 6. Nf3 Bd6 7. c4 O-O 8. Bd3 Re8+ 9. Be3 Bb4+ 10. Kf1 Nd7 11. a3 Bd6 12. h3 Nf8 13. Qc2 Be6 14. Re1 Qd7 15. g4 b5 16. Kg2 Bxg4 17. hxg4 Qxg4+ 18. Kf1 Qxf3 19. Bxh7+ Nxh7 20. Qxh7+ Kf8 21. c5 Bc7 22. d5 Qxd5 23. Rh6 Re6 24. Qh8+ Ke7 25. Qxg7 Be5 26. Rh7 Rf8 27. Bh6 Qd8 28. Qxf8+ Qxf8 29. Bxf8+ Kxf8 30. f4 Bxb2 31. Rxe6 fxe6 32. Rxa7 Bd4 33. Rc7 Bxc5 34. Rxc6 Bxa3 35. Rxe6 Kf7 36. Rb6 Kg6 37. Rxb5 Bd6 38. f5+ Kg5 39. Kg2 Be5 40. Kf3 Kxf5 41. Rb4 Bd6 42. Rc4 Be5 43. Ra4 Bd6 44. Ra6 Be5 45. Ra5 Ke6 46. Ke4 f5+ 47. Kd3 Kf6 48. Ke2 Bd6 49. Kf3 Be5 50. Ra6+ Kg5 51. Re6 Bc7 52. Rc6 Be5 53. Rc8 Bd6 54. Re8 Kf6 55. Rg8 Be5 56. Ra8 Kg5 57. Ra6 Bd4 1/2-1/2


[Site "https://www.chess.com"]

[Event "Titled Tuesday Blitz February 14 Late 2023"]
[White "Rasulov, Vugar"]
[Black "Msellek, Ilyass"]
[WhiteFideId "13402390"]
[BlackFideId "675938"]
[WhiteElo "2523"]
[BlackElo "2420"]
[Result "1-0"]
[Round "06"]
[TimeControl "180+2"]
[Date "2023.02.14"]
[WhiteClock "0:00:11"]
[BlackClock "0:00:06"]

1. Nf3 Nf6 2. c4 b6 3. g3 Bb7 4. Bg2 e6 5. O-O c5 6. Nc3 Be7 7. Re1 O-O 8. e4 d6 9. d4 cxd4 10. Nxd4 Nfd7 11. Ndb5 Ne5 12. b3 a6 13. Nd4 Nbc6 14. Be3 Nxd4 15. Bxd4 Nd7 16. Rc1 Qc7 17. Qd2 Rad8 18. h4 Rfe8 19. h5 h6 20. Rcd1 Ne5 21. Na4 Nd7 22. Qe3 Nc5 23. Nc3 e5 24. Bxc5 Qxc5 25. Qe2 Bf8 26. Nd5 a5 27. Rd3 Bc6 28. Qg4 Kh8 29. Qf5 Rd7 30. Bh3 Ra7 31. Qf3 Kg8 32. Bf5 Rea8 33. Red1 Be8 34. Kg2 a4 35. b4 Qxc4 36. Nxb6 Qxa2 37. Nxa8 Rxa8 38. Rd5 Qb2 39. Ra5 Rb8 40. Ra7 Qxb4 41. Rc1 Qb3 42. Rcc7 Qxf3+ 43. Kxf3 Rb3+ 44. Kg2 Rb8 45. Bg4 Rd8 46. Bf3 Rb8 47. Bd1 d5 48. exd5 a3 49. Rcb7 Rd8 50. Bb3 Bc5 51. Ra5 Bd6 52. Kg1 f6 53. Raa7 Bf8 54. d6+ Kh8 55. d7 Bxh5 56. Rc7 Bg4 57. Rc8 Rxc8 58. dxc8=Q Bxc8 59. Ra8 Bc5 60. Rxc8+ Kh7 61. Rxc5 1-0


[Site "https://www.chess.com"]

[Event "Titled Tuesday Blitz February 14 Late 2023"]
[White "Oro, Faustino"]
[Black "Gharibyan, Mamikon"]
[WhiteFideId "20000197"]
[BlackFideId "13308300"]
[WhiteElo "2269"]
[BlackElo "2500"]
[Result "1/2-1/2"]
[Round "06"]
[TimeControl "180+2"]
[Date "2023.02.14"]
[WhiteClock "0:00:07"]
[BlackClock "0:00:28"]

1. Nf3 g6 2. e4 Bg7 3. d4 d6 4. Nc3 a6 5. Be3 b5 6. Qd2 Bb7 7. Bd3 Nd7 8. Ne2 Ngf6 9. Ng3 Ng4 10. c3 Nxe3 11. Qxe3 e5 12. dxe5 dxe5 13. O-O O-O 14. Rad1 Qe7 15. Bc2 Nc5 16. Nd2 h5 17. b4 Ne6 18. Nb3 h4 19. Ne2 Rac8 20. Na5 Ba8 21. Bb3 Bf6 22. a4 Kg7 23. axb5 axb5 24. Bd5 c5 25. Bxa8 Rxa8 26. Rd5 cxb4 27. Nc6 Qc7 28. Nxb4 Qc4 29. Qd3 h3 30. g3 Rfb8 31. f4 exf4 32. gxf4 Be7 33. f5 Qxd3 34. Nxd3 Nf8 35. Nd4 Ra2 36. Nf4 b4 37. cxb4 Rxb4 38. Nc6 Rxe4 39. Nxe7 Rxe7 40. f6+ Kxf6 41. Nh5+ Ke6 42. Nf4+ Kf6 43. Nh5+ Ke6 44. Nf4+ Kf6 1/2-1/2


[Site "https://www.chess.com"]

[Event "Titled Tuesday Blitz February 14 Late 2023"]
[White "Kravtsiv, Martyn"]
[Black "Gutenev, Alexander"]
[WhiteFideId "14113147"]
[BlackFideId "4195540"]
[WhiteElo "2598"]
[BlackElo "2455"]
[Result "1-0"]
[Round "06"]
[TimeControl "180+2"]
[Date "2023.02.14"]
[WhiteClock "0:01:01"]
[BlackClock "0:00:19"]

1. e3 Nf6 2. Nf3 g6 3. b3 Bg7 4. Bb2 O-O 5. Be2 b6 6. O-O Bb7 7. c4 c5 8. d4 cxd4 9. Nxd4 d5 10. Nd2 Nc6 11. Nxc6 Bxc6 12. Rc1 Rc8 13. c5 Nd7 14. Bxg7 Kxg7 15. cxb6 Qxb6 16. Nf3 e5 17. Qd2 Rfd8 18. h3 f6 19. Qb2 Bb7 20. Qa3 Kf7 21. Nd2 Rxc1 22. Rxc1 Rc8 23. Rxc8 Bxc8 24. e4 Bb7 25. exd5 Bxd5 26. Nc4 Qc5 27. Qxc5 Nxc5 28. Ne3 Be6 29. b4 Ne4 30. a3 Nc3 31. Ba6 Ke7 32. Kf1 f5 33. Ke1 f4 34. Nd1 Nxd1 35. Kxd1 Bd5 36. g3 g5 37. Kd2 Kf6 38. a4 Bg2 39. h4 gxh4 40. gxh4 Kg6 41. Be2 Bd5 42. a5 h6 43. b5 f3 44. Bd1 Kh5 45. Ke3 e4 46. Bc2 Kxh4 47. Bxe4 Bc4 48. b6 axb6 49. axb6 Ba6 50. b7 Bxb7 51. Bxb7 1-0


[Site "https://www.chess.com"]

[Event "Titled Tuesday Blitz February 14 Late 2023"]
[White "Cardoso Cardoso, Jose Gabriel"]
[Black "Remizov, Yaroslav"]
[WhiteFideId "4430492"]
[BlackFideId "34134015"]
[WhiteElo "2492"]
[BlackElo "2421"]
[Result "0-1"]
[Round "06"]
[TimeControl "180+2"]
[Date "2023.02.14"]
[WhiteClock "0:00:03"]
[BlackClock "0:00:12"]

1. c4 Nf6 2. Nc3 c5 3. g3 g6 4. Bg2 Bg7 5. d3 O-O 6. e4 Nc6 7. Nge2 Rb8 8. Be3 d6 9. h3 a6 10. Qd2 b5 11. Rc1 Re8 12. O-O bxc4 13. dxc4 Ne5 14. b3 Bxh3 15. f4 Bxg2 16. Kxg2 Neg4 17. Rcd1 Qc8 18. Bg1 Qb7 19. Qd3 h5 20. Qf3 Rbd8 21. Rd3 e6 22. Rfd1 d5 23. cxd5 exd5 24. e5 Rxe5 25. Bxc5 Ree8 26. Bd4 Ne4 27. Bxg7 Kxg7 28. Nxd5 Nef2 29. Nec3 Nxd1 30. Rxd1 Qc6 31. Rd3 Rd7 32. Qd1 Nf6 33. Qf3 Ng4 34. Qd1 Re3 35. Qd2 Rxd3 36. Qxd3 Rxd5 37. Nxd5 Qxd5+ 38. Qxd5 Ne3+ 39. Kf3 Nxd5 40. a3 Kf6 41. Ke4 Ke6 42. Kd4 Kd6 43. b4 Ne7 44. a4 Nf5+ 45. Kc4 Nxg3 46. b5 axb5+ 47. axb5 Nf5 48. b6 Kc6 49. Kd3 Kxb6 50. Ke4 Kc5 51. Kf3 Kd4 0-1


[Site "https://www.chess.com"]

[Event "Titled Tuesday Blitz February 14 Late 2023"]
[White "Avinash, Ramesh"]
[Black "Atanasov, Anthony"]
[WhiteFideId "45018340"]
[BlackFideId "2623897"]
[WhiteElo "2319"]
[BlackElo "2368"]
[Result "1-0"]
[Round "06"]
[TimeControl "180+2"]
[Date "2023.02.14"]
[WhiteClock "0:01:46"]
[BlackClock "0:00:01"]

1. Nf3 Nf6 2. c4 g6 3. Nc3 d5 4. cxd5 Nxd5 5. h4 Nxc3 6. bxc3 c5 7. h5 Bg7 8. Qa4+ Nc6 9. h6 Bf6 10. g3 Bd7 11. Bg2 b5 12. Qd1 O-O 13. d4 cxd4 14. cxd4 Bg4 15. Rb1 Nxd4 16. Nxd4 Bxd4 17. Rxb5 Qc7 18. Bxa8 Rxa8 19. Qxd4 Qxc1+ 20. Qd1 Qc3+ 21. Kf1 Qc6 22. Rd5 Rf8 23. Rh4 1-0


[Site "https://www.chess.com"]

[Event "Titled Tuesday Blitz February 14 Late 2023"]
[White "Yuan, Qingyu"]
[Black "Krishnan, Varun"]
[WhiteFideId "8609772"]
[BlackFideId "5054508"]
[WhiteElo "2373"]
[BlackElo "2341"]
[Result "0-1"]
[Round "06"]
[TimeControl "180+2"]
[Date "2023.02.14"]
[WhiteClock "0:00:02"]
[BlackClock "0:00:05"]

1. e4 e5 2. Nf3 Nc6 3. Bb5 Nf6 4. d3 Bc5 5. Bxc6 dxc6 6. Nbd2 Bd6 7. Nc4 Qe7 8. O-O Nd7 9. c3 c5 10. Ne3 Nb6 11. a3 a5 12. a4 Be6 13. b3 O-O-O 14. Qc2 g6 15. Nc4 Nxc4 16. dxc4 f6 17. Be3 g5 18. Rfd1 h5 19. Ne1 g4 20. Rd2 h4 21. g3 Rdf8 22. Ng2 hxg3 23. fxg3 f5 24. Rf1 f4 25. gxf4 Qh7 26. f5 Qxh2+ 27. Kf2 Rh3 28. Ke1 Be7 29. Kd1 Rf3 30. Rdf2 Bf7 31. Kc1 Rd8 32. Rxf3 gxf3 33. Rxf3 Bh5 34. Rf1 Rg8 35. Ne1 Qh3 36. Qf2 Bh4 37. Rg1 Bxf2 38. Rxg8+ Kd7 39. Bxf2 Qxc3+ 40. Nc2 Be2 41. Rg3 Bd3 42. Rxd3+ Qxd3 43. Kb2 Qxe4 44. Bxc5 Qxf5 45. Be3 Qd3 46. Bf2 e4 47. Be3 b6 48. Bf4 c5 49. Be3 Qe2 50. Bf4 Qf3 51. Be3 Ke6 52. Kc3 Kf7 53. Kb2 Ke8 54. Bd2 Kd8 55. Bg5+ Kc7 56. Be3 Qe2 57. Bf4+ Kd7 58. Be3 Ke6 59. Bc1 Kf5 60. Kc3 Qd3+ 61. Kb2 Kg4 62. Ne3+ Kf3 63. Nc2 Ke2 64. Bf4 Qd7 65. Be5 Qf7 66. Bc3 e3 67. Kc1 Kd3 68. Kb2 e2 69. Ne1+ Ke3 70. Kc2 Kf2 71. Nd3+ Kf1 72. Ne1 Qf2 73. Nd3 Qe3 74. Ne1 Qxc3+ 75. Kxc3 Kxe1 76. Kd3 Kf2 0-1


[Site "https://www.chess.com"]

[Event "Titled Tuesday Blitz February 14 Late 2023"]
[White "Baskakov, Egor"]
[Black "Toncheva, Nadya"]
[WhiteFideId "24197866"]
[BlackFideId "2924056"]
[WhiteElo "2215"]
[BlackElo "2295"]
[Result "1-0"]
[Round "06"]
[TimeControl "180+2"]
[Date "2023.02.14"]
[WhiteClock "0:01:44"]
[BlackClock "0:00:06"]

1. e4 c5 2. Nf3 e6 3. Be2 Nc6 4. c4 e5 5. Nc3 g6 6. d3 Bg7 7. O-O Nge7 8. Nd5 O-O 9. Bg5 f6 10. Be3 d6 11. Nd2 Be6 12. f4 f5 13. Rb1 b6 14. fxe5 Nxe5 15. Bg5 Bxd5 16. cxd5 fxe4 17. dxe4 Qd7 18. Rxf8+ Rxf8 19. h3 h6 20. Be3 g5 21. b4 N7g6 22. bxc5 bxc5 23. Nf3 Nf4 24. Bxf4 Rxf4 25. Nxe5 Bxe5 26. Bg4 Qe7 27. Bf5 Bd4+ 28. Kh1 Kg7 29. Rb8 g4 30. Qb1 Qh4 31. Qb7+ Kf6 32. Rf8+ Kg5 1-0


[Site "https://www.chess.com"]

[Event "Titled Tuesday Blitz February 14 Late 2023"]
[White "Fan_Of_Chucky"]
[Black "Fier, Alexandr"]
[BlackFideId "2107139"]
[WhiteElo "2398"]
[BlackElo "2589"]
[Result "1/2-1/2"]
[Round "06"]
[TimeControl "180+2"]
[Date "2023.02.14"]
[WhiteClock "0:00:36"]
[BlackClock "0:01:31"]

1. d4 Nf6 2. c4 c5 3. Nf3 cxd4 4. Nxd4 Nc6 5. Nc3 e6 6. g3 Qb6 7. Nb3 Ne5 8. Be3 Qc6 9. Rg1 Nxc4 10. Bg5 Nxb2 11. Qd4 Nc4 12. Bg2 d5 13. e4 Bb4 14. Bxf6 gxf6 15. exd5 exd5 16. Rc1 Be6 17. Qxf6 Rg8 18. Nd4 Qb6 19. Nxe6 Qxe6+ 20. Qxe6+ fxe6 21. Ke2 Rc8 22. Nxd5 exd5 23. Bxd5 Rg5 24. Rxc4 Re5+ 25. Kf3 Rxc4 26. Bxc4 Bc5 27. Rd1 Rf5+ 28. Kg4 Rxf2 29. Re1+ Kd7 30. Re2 Rf6 31. Bd3 h6 32. Bf5+ Kd6 33. Rd2+ Kc6 34. Be4+ Kc7 35. Rd5 Bg1 36. Rf5 Ra6 37. Rf7+ Kd6 38. Rf6+ Ke5 39. Rxa6 bxa6 40. Bd3 Bxh2 41. Bxa6 Kd4 42. Kh3 Bg1 43. g4 Be3 44. Kh4 Bg5+ 45. Kh5 Kc3 46. Bc8 a5 47. Be6 a4 48. Kg6 Kb2 49. Kf7 Bf4 50. Bd5 Bg5 51. Be6 Kc3 52. Bd5 Kd4 53. Be6 Ke4 54. Bd7 a3 55. Be6 Ke5 56. Bf5 Kd4 57. Bg6 Kc3 58. Bf5 Kb2 59. Be6 Kc3 60. Bb3 Bc1 61. Be6 Bg5 62. Bb3 Kb4 63. Be6 Kc5 64. Bb3 Kd4 65. Be6 Ke5 66. Bb3 Kf4 67. Be6 Kf3 68. Bf5 Ke3 69. Ke8 Kd4 70. Kd7 Ke5 71. Be6 Ke4 72. Kc6 Ke5 73. Bc8 Kf4 74. Kb5 Ke3 75. Ka4 Be7 76. Kb3 Kf4 77. Kc2 Ke5 78. Kd1 Kd4 79. Ke2 Kc3 80. Kf3 Kd4 81. g5 Bxg5 82. Kg4 Ke5 83. Kh5 Kd6 84. Bg4 Bc1 85. Bd1 Kd5 86. Bb3+ Kd4 87. Bg8 Ke5 88. Bb3 Kf6 89. Bg8 Kg7 90. Bb3 Bb2 91. Bc4 1/2-1/2


[Site "https://www.chess.com"]

[Event "Titled Tuesday Blitz February 14 Late 2023"]
[White "Ozen, Bahadir"]
[Black "Jimenez Garcia, Emmanuel"]
[WhiteFideId "6337058"]
[BlackFideId "6504779"]
[WhiteElo "2369"]
[BlackElo "2410"]
[Result "1/2-1/2"]
[Round "06"]
[TimeControl "180+2"]
[Date "2023.02.14"]
[WhiteClock "0:00:21"]
[BlackClock "0:00:06"]

1. e4 d6 2. d4 Nf6 3. Nc3 e5 4. Nf3 Nbd7 5. Bc4 Be7 6. O-O O-O 7. a4 a5 8. Re1 Nb6 9. Ba2 Nfd7 10. Be3 c6 11. Qd2 exd4 12. Bxd4 Nc5 13. Bxc5 dxc5 14. Qf4 c4 15. Rad1 Qe8 16. Qe3 Ra6 17. Qe2 Be6 18. Nd4 Bb4 19. Nxe6 Qxe6 20. Qe3 Bxc3 21. Qxc3 Nxa4 22. Qxc4 Qxc4 23. Bxc4 Nxb2 24. Bxa6 Nxd1 25. Bxb7 Nc3 26. Ra1 a4 27. g3 Rd8 28. Bxc6 Rd4 29. Ra3 Rc4 30. Bd5 Rc5 31. Kf1 Kf8 32. Ke1 f5 33. f3 Ke7 34. Ra1 Kd6 35. Kd2 fxe4 36. fxe4 Nxd5 37. exd5 Rxd5+ 38. Kc3 Rc5+ 39. Kb2 Rc4 40. Rd1+ Ke6 41. h3 h5 42. Re1+ Kf5 43. Re7 g6 44. c3 h4 45. gxh4 Rxh4 46. Re3 Kf4 47. Rd3 Ke4 48. Rg3 Kf5 49. Ka3 g5 50. Rd3 Kf4 51. c4 Ke5 52. Kb4 g4 53. hxg4 Rxg4 54. Rd1 Rd4 55. Re1+ Kd6 56. Kb5 a3 57. c5+ Kc7 58. Ra1 Rd3 59. Kc4 Rh3 60. Kb4 Rg3 61. Rxa3 Rxa3 62. Kxa3 Kc6 63. Kb4 Kc7 64. Kb5 Kb7 65. Kc4 Kc7 66. Kd4 Kd7 67. Kd5 Kc7 68. c6 Kc8 69. Ke6 Kc7 70. Kd5 Kc8 71. Kc4 Kc7 72. Kc5 Kc8 73. Kb6 Kb8 74. c7+ Kc8 75. Kc6 1/2-1/2


[Site "https://www.chess.com"]

[Event "Titled Tuesday Blitz February 14 Late 2023"]
[White "Martynov, Pavel"]
[Black "Yoo, Christopher Woojin"]
[WhiteFideId "4101260"]
[BlackFideId "30909694"]
[WhiteElo "2414"]
[BlackElo "2607"]
[Result "0-1"]
[Round "06"]
[TimeControl "180+2"]
[Date "2023.02.14"]
[WhiteClock "0:00:14"]
[BlackClock "0:00:45"]

1. e4 c5 2. Nf3 d6 3. Bb5+ Nd7 4. O-O a6 5. Bxd7+ Bxd7 6. c3 Nf6 7. Re1 g6 8. d4 cxd4 9. cxd4 Bg7 10. Nc3 Bg4 11. h3 Bxf3 12. Qxf3 Nd7 13. Be3 O-O 14. Rad1 e6 15. Qg3 Qb6 16. d5 Qxb2 17. Na4 Qxa2 18. dxe6 Qxa4 19. exd7 Qxd7 20. e5 d5 21. Bc5 Rfe8 22. Bd6 a5 23. Rxd5 a4 24. Rb1 a3 25. Ra1 Qe6 26. Rb5 a2 27. Qd3 Ra6 28. Rd5 Rd8 29. Kh2 Raxd6 30. exd6 Bxa1 0-1


[Site "https://www.chess.com"]

[Event "Titled Tuesday Blitz February 14 Late 2023"]
[White "Kollars, Dmitrij"]
[Black "Vovk, Orest"]
[WhiteFideId "12909572"]
[BlackFideId "14113490"]
[WhiteElo "2607"]
[BlackElo "2315"]
[Result "1-0"]
[Round "06"]
[TimeControl "180+2"]
[Date "2023.02.14"]
[WhiteClock "0:01:41"]
[BlackClock "0:00:36"]

1. Nc3 g5 2. d4 h6 3. e4 Bg7 4. h4 c5 5. dxc5 Bxc3+ 6. bxc3 Qa5 7. Qd4 Nf6 8. Qb4 Qc7 9. hxg5 Nc6 10. Qc4 Ne5 11. Qd4 Nc6 12. Qe3 Ng4 13. Qe2 Qa5 14. Bd2 Nge5 15. f4 Ng6 16. Rxh6 Rg8 17. Qb5 Qa3 18. Nf3 Nxf4 19. Qb3 Qxb3 20. axb3 Ne6 21. b4 d6 22. cxd6 exd6 23. Bc4 Ne5 24. Nxe5 dxe5 25. Ra5 Bd7 26. Rxe5 O-O-O 27. g6 Kc7 28. gxf7 Rxg2 29. Rexe6 Bxe6 30. Bf4+ Kd7 31. Bxe6+ Ke7 32. Bd5 1-0


[Site "https://www.chess.com"]

[Event "Titled Tuesday Blitz February 14 Late 2023"]
[White "Predke, Alexandr"]
[Black "Nefedov, Sergey"]
[WhiteFideId "24107581"]
[BlackFideId "24113417"]
[WhiteElo "2685"]
[BlackElo "2300"]
[Result "1-0"]
[Round "06"]
[TimeControl "180+2"]
[Date "2023.02.14"]
[WhiteClock "0:01:51"]
[BlackClock "0:00:04"]

1. Nf3 Nf6 2. c4 e6 3. b3 d5 4. Bb2 Be7 5. g3 O-O 6. Bg2 b6 7. cxd5 exd5 8. O-O Bb7 9. e3 c5 10. Nc3 Nc6 11. Ne2 a5 12. a3 Rc8 13. Rc1 Ba6 14. Re1 a4 15. bxa4 Na5 16. d3 Qd7 17. Nf4 Rfd8 18. Bh3 Qe8 19. Bxc8 Bxc8 20. Qc2 h6 21. e4 d4 22. e5 Nd5 23. Nxd5 Rxd5 24. Nxd4 Bb7 25. Nf5 Bf8 26. Qe2 Qxa4 27. Nxh6+ gxh6 28. e6 Qc6 29. e7 Re5 30. Qg4+ Bg7 31. f3 f5 32. Rxe5 fxg4 33. e8=Q+ Qxe8 34. Rxe8+ Kf7 35. Bxg7 Kxe8 36. fxg4 Kf7 37. Bxh6 Nb3 38. Rf1+ Kg6 39. Be3 Ba6 40. g5 Bxd3 41. Rf6+ Kg7 42. Rxb6 Nd4 43. Bxd4+ cxd4 44. Rd6 Be4 45. Rxd4 Bf5 46. h4 Kg6 47. Rd6+ Kh5 48. Kf2 Be4 49. Ke3 Bh1 50. Kf4 Bc6 51. Rh6# 1-0


[Site "https://www.chess.com"]

[Event "Titled Tuesday Blitz February 14 Late 2023"]
[White "AyMitecK"]
[Black "Ibarra Jerez, Jose Carlos"]
[BlackFideId "2226332"]
[WhiteElo "2577"]
[BlackElo "2563"]
[Result "0-1"]
[Round "06"]
[TimeControl "180+2"]
[Date "2023.02.14"]
[WhiteClock "0:00:03"]
[BlackClock "0:00:09"]

1. e4 c5 2. Nf3 e6 3. b3 b6 4. Bb2 Bb7 5. d3 d5 6. exd5 exd5 7. Nbd2 d4 8. Be2 Nf6 9. O-O Be7 10. Re1 O-O 11. b4 Nc6 12. bxc5 bxc5 13. c3 dxc3 14. Bxc3 Nd5 15. Bb2 Nf4 16. Ne4 Nb4 17. Ne5 f6 18. Qb3+ Bd5 19. Nc4 Rb8 20. Qc3 Qd7 21. a3 Nc6 22. Bf1 Nd4 23. Rab1 Qg4 24. Kh1 Rb3 25. Ne3 Qd7 26. Qc1 Rfb8 27. Nxc5 Bxc5 28. Qxc5 Nde6 29. Qc2 Qc6 30. Qxc6 Bxc6 31. Rbc1 Bxg2+ 32. Nxg2 Rxb2 33. d4 Nxg2 34. Rxe6 Nf4 35. Re7 Rxf2 36. Bc4+ Kh8 37. Rce1 h5 38. Rg1 g5 39. Rxa7 Rbb2 40. Ra8+ Kg7 41. Ra7+ Kh6 42. Be2 Rbxe2 43. Rb1 Rxh2+ 44. Kg1 Reg2+ 45. Kf1 Rh1# 0-1


[Site "https://www.chess.com"]

[Event "Titled Tuesday Blitz February 14 Late 2023"]
[White "Tanenbaum, Zachary"]
[Black "Ibadov, Dashgyn"]
[WhiteFideId "2060850"]
[BlackFideId "24107514"]
[WhiteElo "2261"]
[BlackElo "2391"]
[Result "0-1"]
[Round "06"]
[TimeControl "180+2"]
[Date "2023.02.14"]
[WhiteClock "0:00:06"]
[BlackClock "0:00:55"]

1. e4 e5 2. Nf3 Nc6 3. Bc4 Bc5 4. c3 Nf6 5. d4 exd4 6. b4 Be7 7. b5 Na5 8. Bd3 d5 9. e5 Ne4 10. cxd4 O-O 11. O-O Bf5 12. Bb2 c6 13. a4 cxb5 14. axb5 Nc4 15. Bxc4 dxc4 16. d5 Bc5 17. Nc3 Nxc3 18. Bxc3 Bd3 19. d6 Bxf1 20. Kxf1 Qb6 21. Qd5 Rae8 22. Ng5 Bxf2 23. e6 fxe6 24. Nxe6 Bg1+ 25. Nxf8+ Kxf8 26. Ra2 Bxh2 27. d7 Qg1# 0-1


[Site "https://www.chess.com"]

[Event "Titled Tuesday Blitz February 14 Late 2023"]
[White "Lucassen, Mickey"]
[Black "Bolourchifard, Farzad"]
[WhiteFideId "12919110"]
[BlackFideId "12510084"]
[WhiteElo "2023"]
[BlackElo "2292"]
[Result "0-1"]
[Round "06"]
[TimeControl "180+2"]
[Date "2023.02.14"]
[WhiteClock "0:00:02"]
[BlackClock "0:00:07"]

1. d4 Nf6 2. Nf3 e6 3. c4 d5 4. Nc3 Be7 5. Bf4 O-O 6. e3 Nbd7 7. Rc1 c6 8. Bd3 a6 9. O-O dxc4 10. Bxc4 b5 11. Bd3 c5 12. Ne4 c4 13. Bb1 Bb7 14. Nd6 Bxd6 15. Bxd6 Re8 16. Nd2 e5 17. Nf3 e4 18. Ne5 Re6 19. Nxd7 Nxd7 20. Bg3 Bd5 21. Qh5 Nf6 22. Qh4 Rc8 23. Be5 Nd7 24. Qxd8+ Rxd8 25. Bc7 Rc8 26. Ba5 Nb8 27. Bc2 g6 28. b3 Nc6 29. Bb6 c3 30. a3 a5 31. Bc5 b4 32. axb4 Nxb4 33. Bxb4 axb4 34. Ra1 Ra8 35. Rxa8+ Bxa8 36. Ra1 Bb7 37. Ra5 Rb6 38. Kf1 Ra6 39. Rxa6 Bxa6+ 40. Ke1 Bd3 41. Kd1 Kf8 42. f3 f5 43. Kc1 Ke7 44. Bd1 Kd6 45. f4 h6 46. h4 Ke7 47. g3 Kf6 48. Bc2 Bb5 49. Kd1 g5 50. hxg5+ hxg5 51. Kc1 Be2 52. Bd1 Bf3 53. Kc2 Ke6 54. Kc1 Kf7 55. Kc2 Kg6 56. Kc1 gxf4 57. gxf4 Bg2 58. Kc2 Bf3 59. Kc1 Bg2 60. Kc2 Bf1 61. Kc1 Bd3 62. Bc2 Kh5 63. Bd1+ Kh4 64. d5 Bb5 65. d6 Kg3 66. Bh5 Bd7 0-1


[Site "https://www.chess.com"]

[Event "Titled Tuesday Blitz February 14 Late 2023"]
[White "Chor, Kevin"]
[Black "Perske, Thore"]
[WhiteFideId "2090740"]
[BlackFideId "12902195"]
[WhiteElo "1944"]
[BlackElo "2448"]
[Result "0-1"]
[Round "06"]
[TimeControl "180+2"]
[Date "2023.02.14"]
[WhiteClock "0:00:08"]
[BlackClock "0:01:18"]

1. e4 e6 2. d4 d5 3. Nd2 c5 4. exd5 exd5 5. Ngf3 a6 6. Be2 Nf6 7. O-O Be7 8. dxc5 Bxc5 9. Nb3 Bb6 10. c4 O-O 11. c5 Bc7 12. Bg5 h6 13. Bxf6 Qxf6 14. Qxd5 Qxb2 15. Bd3 Nc6 16. Qe4 g6 17. Bc4 Qf6 18. Rad1 Bf5 19. Qh4 g5 20. Qh5 Rad8 21. Bd5 Kg7 22. Bxc6 bxc6 23. Nfd4 Be4 24. f3 Bg6 25. Qh3 Rd5 26. f4 gxf4 27. Qc3 Be5 28. Qa1 Rfd8 0-1


[Site "https://www.chess.com"]

[Event "Titled Tuesday Blitz February 14 Late 2023"]
[White "Golubka, Petro"]
[Black "Kleiman, Jake"]
[WhiteFideId "14114224"]
[BlackFideId "2020041"]
[WhiteElo "2371"]
[BlackElo "2399"]
[Result "1-0"]
[Round "06"]
[TimeControl "180+2"]
[Date "2023.02.14"]
[WhiteClock "0:00:40"]
[BlackClock "0:00:11"]

1. e4 e5 2. Bb5 Nf6 3. Nc3 c6 4. Ba4 Bc5 5. f4 d6 6. Nf3 O-O 7. d3 h6 8. f5 a5 9. Bb3 Re8 10. a4 d5 11. Qe2 dxe4 12. Nxe4 Ba7 13. g4 Nxg4 14. Nfg5 Bxf5 15. Bxf7+ Kh8 16. Rf1 Bd7 17. Bxe8 Qxe8 18. h3 Nf6 19. Nxf6 gxf6 20. Ne4 f5 21. Nf6 Qe6 22. Nxd7 Nxd7 23. Be3 Bxe3 24. Qxe3 Rg8 25. O-O-O Kh7 26. Rg1 Rxg1 27. Rxg1 Qa2 28. Qg3 Qf7 29. h4 f4 30. Qg4 h5 31. Qg5 f3 32. Rf1 Nc5 33. Qxe5 Ne6 34. Qe4+ 1-0


[Site "https://www.chess.com"]

[Event "Titled Tuesday Blitz February 14 Late 2023"]
[White "Brilej, Jaka"]
[Black "Costachi, Mihnea"]
[WhiteFideId "14618818"]
[BlackFideId "1217518"]
[WhiteElo "2321"]
[BlackElo "2476"]
[Result "0-1"]
[Round "06"]
[TimeControl "180+2"]
[Date "2023.02.14"]
[WhiteClock "0:01:34"]
[BlackClock "0:02:37"]

1. d4 d5 2. c4 dxc4 3. e4 e5 4. Nf3 exd4 5. Qxd4 Qxd4 6. Nxd4 Bb4+ 7. Bd2 Bxd2+ 8. Nxd2 Nf6 9. Bxc4 O-O 10. O-O-O Rd8 11. Nb5 Na6 12. e5 Ng4 13. Ne4 Bf5 14. Ng5 Nxe5 15. Bb3 h6 16. Nf3 Nd3+ 0-1


[Site "https://www.chess.com"]

[Event "Titled Tuesday Blitz February 14 Late 2023"]
[White "Prem, Pranav"]
[Black "Salimova, Nurgyul"]
[WhiteFideId "30901057"]
[BlackFideId "2915138"]
[WhiteElo "2061"]
[BlackElo "2391"]
[Result "0-1"]
[Round "06"]
[TimeControl "180+2"]
[Date "2023.02.14"]
[WhiteClock "0:00:03"]
[BlackClock "0:00:10"]

1. d4 g6 2. c4 Bg7 3. e4 Nc6 4. Nf3 d6 5. Nc3 Bg4 6. Be3 e5 7. d5 Nd4 8. Be2 Bxf3 9. Bxf3 c5 10. O-O Ne7 11. Be2 O-O 12. a3 a5 13. Rb1 f5 14. f3 b6 15. b4 axb4 16. axb4 Ra3 17. Bd2 h5 18. exf5 gxf5 19. bxc5 bxc5 20. Nb5 Ra2 21. Bd3 h4 22. Bg5 h3 23. gxh3 Bf6 24. Bh6 Rf7 25. Nxd4 cxd4 26. Kh1 Kh7 27. Qc1 Bh4 28. Rb7 Qe8 29. Rg1 Ng6 30. Rxf7+ Qxf7 31. Bg5 Bf2 32. Rg2 e4 33. fxe4 Ne5 34. Bb1 Re2 35. exf5 Re1+ 36. Qxe1 Bxe1 37. f6+ d3 38. Bh4 Bxh4 39. Rg7+ Qxg7 40. fxg7 Kxg7 41. c5 dxc5 42. d6 c4 43. Kg1 c3 0-1


[Site "https://www.chess.com"]